 Dungeon Crawl Stone Soup version 0.28-a0-834-g1a73be5ee4 (webtiles) character file.

Game seed: 3070073496703310976

26 vurker the Gusty (level 2, -1/12 HPs)
             Began as a Felid Air Elementalist on Nov 11, 2021.
             Slain by a water moccasin skeleton (7 damage)
             ... on level 2 of the Dungeon.
             The game lasted 00:01:08 (1297 turns).

vurker the Gusty (Felid Air Elementalist)           Turns: 1297, Time: 00:01:08

Health: -1/12      AC:  1    Str:  4    XL:     2   Next: 89%
Magic:  0/6        EV: 17    Int: 16    God:
Gold:   72         SH:  0    Dex: 16    Spells: 4/5 levels left
                                        Lives:  0   Deaths: 0

rFire   . . .      SeeInvis +   (weapon unavailable)
rCold   . . .      Faith    .   (shield unavailable)
rNeg    . . .      Spirit   .   (armour unavailable)
rPois   .          Reflect  .   (helmet unavailable)
rElec   .          Harm     .   (cloak unavailable)
rCorr   .          Rampage  .   (gloves unavailable)
Will    .....                   (boots unavailable)
Stlth   ++........              (no amulet)
HPRegen 0.04/turn               (no ring)
MPRegen 0.10/turn               (no ring)

@: very slightly contaminated, quick
A: very small, claws 1, fangs 3, see invisible, speed 1, shaggy fur 1, stealthy
paws, no weapons or thrown items, no armour, multi-lived
a: no special abilities


You were on level 2 of the Dungeon.
You visited 1 branch of the dungeon, and saw 2 of its levels.

You collected 72 gold pieces.

Inventory:

Scrolls
 c - a scroll of vulnerability {unknown}
 d - a scroll of identify {unknown}
Potions
 a - a potion of lignification {unknown}
 b - a potion of heal wounds {unknown}


   Skills:
 + Level 0.7 Fighting
 - Level 2.6 Dodging
 - Level 2.6 Stealth
 * Level 2.4 Spellcasting
 + Level 1.2 Conjurations
 * Level 3.1 Air Magic


You had 4 spell levels left.
You knew the following spells:

 Your Spells              Type           Power      Damage    Failure   Level
a - Shock                 Conj/Air       32%        1d5       9%          1

Your spell library contained the following spells:

 Spells                   Type           Power      Damage    Failure   Level
 Static Discharge         Conj/Air       8%         N/A       12%         2
 Swiftness                Air            11%        N/A       17%         3
 Airstrike                Air            5%         N/A       50%         4


Dungeon Overview and Level Annotations

Branches:
Dungeon (2/15)

Altars:


Innate Abilities, Weirdness & Mutations

You have sharp claws.
You have razor-sharp teeth.
You have supernaturally acute eyesight. (SInv)
You cover ground quickly. (Speed+)
You are covered in fur. (AC +1)
Your paws help you pounce on unaware monsters.
You are incapable of wielding weapons or throwing items.
You cannot wear armour.
You gain extra lives every three experience levels.


Message History

You climb downwards.
Found 12 gold pieces.
Found a stone staircase leading up.
There is a stone staircase leading up here.
Found 13 gold pieces.
You now have 45 gold pieces (gained 12).
Found a scroll labelled YMOLUA PAKAYPP.
You now have 58 gold pieces (gained 13).
Found 14 gold pieces.
Found a stone staircase leading down.
Found 26 stones.
d - a scroll labelled YMOLUA PAKAYPP
Found 24 arrows.
You now have 72 gold pieces (gained 14).
You see here 14 stones.
Found a stone staircase leading down.
A hobgoblin and a dart slug come into view.
There are monsters nearby!
The zap hits the hobgoblin.
The hobgoblin shouts!
The zap hits the hobgoblin.
The zap misses the hobgoblin.
The hobgoblin barely misses you.
The zap hits the hobgoblin.
You kill the hobgoblin!
You can't see any susceptible monsters within range! (Use Z to cast anyway.)
A dart slug is nearby!
A dart slug is nearby!
You see here 14 stones.
A water moccasin skeleton comes into view.
Aim: a water moccasin skeleton (77% to hit)
The zap hits the water moccasin skeleton.
Aim: a water moccasin skeleton (lightly damaged, 77% to hit)
The zap hits the water moccasin skeleton.
The water moccasin skeleton closely misses you.
The water moccasin skeleton barely misses you.
The zap hits the water moccasin skeleton.
The zap misses the water moccasin skeleton.
The water moccasin skeleton bites you.
The zap hits the water moccasin skeleton. x2
The zap hits the water moccasin skeleton. x2
The water moccasin skeleton bites you.
* * * LOW HITPOINT WARNING * * *
The water moccasin skeleton misses you.
You miscast Shock.
You are very lightly contaminated with residual magic.
Nothing appears to happen.
The water moccasin skeleton bites you but does no damage.
The zap hits the water moccasin skeleton. x2
The water moccasin skeleton bites you!
Ouch! That really hurt!
You die...

...........<....#
................#
#...........#
#...........#
#<..........#
#...........##
#............###
#...............
#....@Z..###....
##.....#.# ...
#######.# ## #.#
#.# ########.#
#.(......# ##
#.####..## ..#
#.# #...#...#


You could see a water moccasin skeleton.

Vanquished Creatures
  A dart slug (D:1)
  6 endoplasms (D:1)
  2 giant cockroaches (D:1)
  3 goblins (D:1)
  2 hobgoblins
  A quokka (D:1)
  A ball python (D:1)
  2 bats (D:1)
  A frilled lizard (D:1)
  A kobold (D:1)
  A rat (D:1)
21 creatures vanquished.

Vanquished Creatures (others)
  A plant (D:1)
1 creature vanquished.

Grand Total: 22 creatures vanquished

Notes
Turn   | Place    | Note
-------+----------+-------------------------------------------
     0 | D:1      | vurker the Felid Air Elementalist began the quest for the
                  | Orb.
     0 | D:1      | Reached XP level 1. HP: 7/7 MP: 4/4
   216 | D:1      | Reached skill level 1 in Conjurations
   333 | D:1      | Reached XP level 2. HP: 12/12 MP: 3/6
   477 | D:1      | Reached skill level 3 in Air Magic
  1164 | D:1      | Found a faded altar of an unknown god.
  1297 | D:2      | Slain by a water moccasin skeleton

Illustrated notes

Levels and vault maps discovered:
D:1:      dpeg_arrival_signposts, layout_basic, shapermc_ecumenical_altar_petra
D:2:      layout_rooms, serial_shops, nicolae_shop_waterfront,
          serial_co_window_serial, co_window_paths_b, co_window_paths_a,
          co_window_paths_b, co_window_of_opportunity_a,
          co_window_of_opportunity_a, co_window_of_opportunity_a,
          co_window_paths_b, co_window_cross_4, co_window_broadway_a,
          co_window_unsneaky_path_c, co_window_broadway_b, co_window_broadway_c,
          glass_columns_c

Skill      XL: |  1  2 |
---------------+-------+-----
Conjurations   | 1 |  1.2
Air Magic      | 3 |  3.1
Fighting       | |  0.7
Dodging        | |  2.6
Stealth        | |  2.6
Spellcasting   | |  2.4

Action                   || total
-------------------------++-------
Melee: Unarmed           ||    18
       Bite              ||     2
 Cast: Shock             ||    51
Armor: Skin              ||     1
Dodge: Dodged            ||    12

Table legend: (Time is in decaauts)
 A = Elapsed time spent in this place.
 B = Non-inter-level travel time spent in this place.
 C = Inter-level travel time spent in this place.
 D = Time resting spent in this place.
 E = Time spent auto-exploring this place.
 F = Levels seen in this place.
 G = Mean time per level.
                   A        B        C        D        E       F      G
               +--------+--------+--------+--------+--------+-----+--------+
         Total |   1154 |   1134 |     20 |      0 |    999 |   2 |  577.0 |
       Dungeon |   1154 |   1134 |     20 |      0 |    999 |   2 |  577.0 |
               +--------+--------+--------+--------+--------+-----+--------+

Top non-repeatable levels by time:
     D:1: 1080 daAuts
     D:2: 74 daAuts
